Map: Distant Plane

Players

JimmyRaynor - Winner!

  • Race: Protoss Protoss
  • Spawn Location: 11:00

Amix - Winner!

  • Race: Zerg Zerg
  • League: Platinum
  • Spawn Location: 11:00

A.I. 2 (Very Hard)

  • Race: Zerg Zerg
  • Spawn Location: 7:00

A.I. 3 (Elite)

  • Race: Terran Terran
  • Spawn Location: 7:00

VOD

Have the link to the VOD?

Description

Time

  • Played on: Nov. 29, 2016, 10:49 a.m.
  • Length: 13:48
Show
View Real Time Build Order
Export as new Build Order

JimmyRaynor Protoss - Winner!

Build Orders: 1 Gate Expand, Oracle Opening, Carrier Rush 

Get SALT Encoding   

  12  0:02  Probe (Chrono Boost)  
  13  0:13  Probe (Chrono Boost)  
  14  0:19  Pylon  
  14  0:23  Probe (Chrono Boost)  
  15  0:37  Probe (Chrono Boost)  
  15  0:39  Gateway  
  16  0:44  Assimilator  
  16  0:47  Probe (Chrono Boost)  
  17  0:58  Probe (Chrono Boost)  
  17  1:01  Assimilator  
  18  1:08  Probe (Chrono Boost)  
  19  1:26  Nexus  
  19  1:31  Probe (Chrono Boost)  
  20  1:41  Cybernetics Core  
  20  1:50  Probe (Chrono Boost), Pylon  
  21  2:00  Probe (Chrono Boost)  
  22  2:11  Probe (Chrono Boost)  
  23  2:27  Stargate  
  23  2:35  Protoss Air Weapons Level 1  
  24  2:37  Probe (Chrono Boost)  
  24  2:41  Probe (Chrono Boost)  
  25  2:47  Probe (Chrono Boost)  
  25  2:49  Pylon  
  27  2:51  Probe (Chrono Boost)  
  27  2:58  Probe (Chrono Boost)  
  28  2:59  Forge  
  28  3:02  Probe (Chrono Boost)  
  28  3:03  Assimilator  
  29  3:07  Assimilator  
  29  3:09  Probe (Chrono Boost)  
  29  3:12  Probe (Chrono Boost)  
  31  3:19  Oracle, Probe (Chrono Boost)  
  35  3:23  Probe (Chrono Boost)  
  36  3:42  Fleet Beacon  
  36  3:47  Photon Cannon  
  36  3:54  Probe (Chrono Boost)  
  37  3:59  Photon Cannon x2  
  37  4:05  Probe (Chrono Boost), Photon Cannon  
  38  4:15  Probe (Chrono Boost)  
  39  4:29  Photon Cannon  
  39  4:30  Photon Cannon  
  39  4:33  Carrier (Chrono Boost)  
  45  5:25  Graviton Catapult  
  45  5:26  Protoss Air Weapons Level 2 (Chrono Boost)  
  45  5:28  Protoss Shields Level 1  
  45  5:41  Probe  
  46  5:42  Twilight Council  
  46  5:46  Carrier (Chrono Boost)  
  52  5:51  Probe  
  53  6:02  Probe  
  54  6:26  Pylon  
  54  6:28  Pylon x2  
  54  6:29  Pylon  
  54  6:32  Pylon  
  54  6:34  Pylon  
  54  6:45  Probe  
  55  6:57  Probe  
  56  7:36  Protoss Air Armor Level 1 (Chrono Boost)  
  56  7:56  Carrier  
  56  8:09  Protoss Shields Level 2  
  62  8:16  Stargate  
  62  9:10  Carrier  
  62  9:16  Protoss Air Weapons Level 3 (Chrono Boost)  
  68  10:06  Carrier  
  74  10:25  Carrier  
  80  11:32  Carrier  
  86  11:39  Carrier  
Show
View Real Time Build Order
Export as new Build Order

Amix Zerg - Winner!

Build Orders: Hatch First 

Get SALT Encoding   

  12  0:02  Drone  
  13  0:10  Drone  
  14  0:19  Overlord  
  14  0:25  Extractor  
  14  0:26  Drone  
  15  0:37  Drone x2  
  17  0:59  Drone  
  17  1:01  Extractor  
  17  1:04  Drone  
  17  1:06  Hatchery  
  17  1:20  Spawning Pool  
  17  1:25  Drone  
  17  1:36  Drone x2  
  19  1:40  Drone  
  20  1:49  Overlord  
  20  2:00  Drone  
  21  2:06  Metabolic Boost  
  21  2:09  Queen  
  21  2:11  Drone  
  24  2:21  Queen  
  26  2:27  Drone  
  27  2:34  Drone x2  
  27  2:35  Drone  
  30  2:47  Roach Warren  
  30  2:48  Drone, Extractor  
  29  2:52  Drone  
  29  2:54  Drone  
  31  2:59  Drone  
  31  3:03  Drone  
  33  3:08  Drone  
  33  3:12  Drone  
  35  3:17  Drone  
  36  3:29  Overlord x2  
  36  3:47  Roach x6  
  48  3:51  Roach  
  50  3:59  Lair  
  50  4:01  Roach  
  52  4:03  Overlord x2  
  52  4:07  Extractor  
  51  4:14  Overlord x2  
  51  4:21  Drone x2  
  51  4:22  Drone  
  54  4:33  Drone  
  54  4:34  Drone x6  
  54  4:38  Pneumatized Carapace  
  61  4:42  Roach  
  63  5:06  Roach x2  
  63  5:07  Roach x6  
  71  5:08  Roach  
  81  5:26  Queen  
  83  5:34  Drone  
  84  5:36  Hatchery  
  84  5:38  Overlord, Queen, Extractor  
  84  5:39  Overlord  
  84  5:54  Evolution Chamber  
  84  5:55  Evolution Chamber  
  82  5:57  Glial Reconstitution  
  82  6:01  Drone x6  
  88  6:16  Hydralisk Den  
  87  6:21  Zerg Ground Armor Level 1, Zerg Missile Weapons Level 1  
  87  6:34  Drone x6  
  87  6:35  Drone x4  
  97  6:46  Hydralisk  
  97  6:47  Hydralisk x2  
  97  6:48  Overlord x2  
  103  7:03  Hydralisk  
  103  7:05  Overlord x4  
  105  7:13  Extractor  
  105  7:14  Extractor  
  105  7:15  Drone x6  
  109  7:21  Grooved Spines  
  109  7:24  Hydralisk  
  109  7:26  Hydralisk  
  113  7:48  Overlord x5  
  113  7:54  Hatchery  
  112  8:00  Infestation Pit  
  112  8:02  Hydralisk x4  
  112  8:03  Hydralisk  
  121  8:16  Zerg Ground Armor Level 2, Zerg Missile Weapons Level 2  
  121  8:25  Queen  
  123  8:32  Muscular Augments  
  123  8:33  Hydralisk x2, Roach x4  
  123  8:34  Hydralisk, Roach  
  135  8:37  Ravager x5  
  135  8:38  Ravager  
  135  8:39  Ravager  
  146  8:44  Hive  
  146  8:49  Drone  
  146  8:50  Drone x4  
  151  9:09  Roach x3  
  163  9:10  Roach x4  
  163  9:14  Ravager x4  
  163  9:15  Ravager  
  170  9:24  Drone x5  
  170  9:25  Drone x2  
  170  9:28  Extractor  
  170  9:29  Extractor  
  175  9:37  Hydralisk x4  
  175  9:38  Hydralisk x5  
  193  9:51  Queen x3  
  199  10:00  Lurker Den, Burrow  
  199  10:03  Zergling x2  
  200  11:07  Tunneling Claws  
  200  13:16  Hatchery  
  199  13:24  Hatchery  
  195  13:27  Hatchery  
  195  13:28  Hatchery  
  193  13:34  Hatchery  
  193  13:39  Hatchery  
Show
View Real Time Build Order
Export as new Build Order

A.I. 2 (Very Hard) Zerg 

Build Orders: Pool First 

Get SALT Encoding   

  12  0:01  Drone  
  13  0:12  Overlord  
  13  0:18  Drone  
  14  0:31  Drone  
  15  0:39  Spawning Pool  
  15  0:41  Drone  
  15  0:46  Drone  
  16  0:50  Drone  
  16  0:53  Extractor  
  16  0:56  Drone  
  17  1:06  Drone  
  18  1:17  Drone  
  19  1:29  Roach Warren, Queen  
  19  1:31  Drone  
  21  1:38  Zergling x2  
  22  1:50  Overlord  
  22  2:00  Overlord  
  22  2:11  Roach  
  24  2:21  Roach  
  26  2:32  Roach  
  26  2:36  Roach x3  
  36  2:44  Roach  
  36  2:55  Roach  
  38  3:06  Overlord  
  38  3:09  Overlord  
  38  3:24  Roach x3  
  44  3:35  Roach  
  44  3:39  Drone, Roach x2  
  51  3:45  Extractor  
  51  3:46  Zergling x2  
  51  3:57  Overlord  
  51  4:08  Drone  
  52  4:12  Lair  
  52  4:15  Drone  
  52  4:16  Drone  
  54  4:21  Overlord  
  54  4:26  Drone  
  55  4:34  Drone  
  56  4:43  Drone x2  
  58  4:54  Zergling x2  
  52  5:00  Roach x2  
  51  5:08  Zergling x2  
  51  5:10  Hydralisk Den  
  51  5:15  Drone, Roach x2  
  51  5:18  Hatchery  
  55  5:24  Roach  
  57  5:30  Roach  
  59  5:40  Hydralisk  
  61  5:46  Hydralisk, Overlord  
  63  5:51  Hydralisk  
  65  5:57  Hydralisk  
  65  6:03  Hydralisk  
  69  6:14  Hydralisk  
  69  6:18  Overlord  
  71  6:20  Roach  
  71  6:24  Roach  
  75  6:29  Roach  
  75  6:32  Drone  
  78  6:37  Drone  
  79  6:42  Drone  
  80  6:48  Drone  
  80  6:50  Drone  
  81  6:54  Drone  
  81  7:00  Overlord  
  81  7:03  Drone  
  78  7:13  Queen  
  76  7:18  Hydralisk  
  76  7:22  Hydralisk  
  74  7:28  Hydralisk  
  74  7:33  Hydralisk  
  74  7:35  Drone  
  77  7:38  Zergling x2  
  77  7:41  Drone  
  69  7:45  Drone  
  64  7:52  Drone  
  59  7:58  Drone  
  54  8:14  Queen  
  54  8:18  Zergling x2  
  52  8:22  Zergling x2  
  42  8:29  Hydralisk Den  
  36  8:41  Drone  
  31  8:46  Drone  
  28  8:53  Hydralisk Den  
  27  9:01  Drone  
  18  9:05  Drone  
  17  9:11  Drone  
  17  9:16  Zergling x2  
  19  9:20  Drone  
  18  9:26  Drone  
  15  9:31  Hydralisk Den  
  14  9:44  Drone  
  13  9:48  Drone  
  12  9:54  Drone x2  
  12  9:55  Drone  
  15  10:01  Drone  
  15  10:06  Drone  
  16  10:14  Drone  
  16  10:19  Drone  
  17  10:25  Drone  
  17  10:32  Drone  
  17  10:36  Drone  
  17  10:41  Drone  
  18  10:45  Zergling x2  
  19  10:50  Zergling x2  
  22  10:57  Roach  
  22  11:04  Overlord  
  22  11:11  Roach  
  24  11:18  Overlord  
  23  11:24  Drone  
  17  11:28  Drone  
  14  11:36  Drone  
  10  11:55  Overlord  
Show
View Real Time Build Order
Export as new Build Order

A.I. 3 (Elite) Terran 

Build Orders: MMM Bio 

Get SALT Encoding   

  12  0:01  SCV  
  13  0:13  SCV  
  14  0:18  Supply Depot  
  14  0:25  SCV  
  15  0:40  SCV  
  16  0:44  Barracks  
  16  0:52  SCV  
  17  1:04  SCV  
  18  1:11  Refinery  
  18  1:13  Supply Depot  
  18  1:16  SCV  
  19  1:28  SCV  
  20  1:33  Marine  
  21  1:43  Command Center  
  21  2:06  Barracks  
  21  2:07  SCV  
  22  2:11  Marine  
  22  2:13  Factory  
  23  2:19  SCV  
  24  2:24  Supply Depot  
  24  2:29  Marine  
  25  2:31  SCV  
  26  2:44  SCV  
  27  2:47  Marine  
  28  2:55  Orbital Command  
  28  2:56  SCV  
  29  2:59  Factory Tech Lab  
  29  3:03  Refinery  
  29  3:12  Orbital Command  
  29  3:15  Marine  
  29  3:17  Marine  
  31  3:26  Engineering Bay  
  31  3:40  Marine  
  32  3:43  SCV  
  32  3:45  SCV  
  32  3:48  Marine  
  35  3:55  SCV, Missile Turret  
  35  3:57  SCV, Missile Turret  
  35  3:58  Marine  
  38  4:04  Barracks  
  38  4:08  SCV  
  38  4:09  Barracks Tech Lab  
  40  4:10  SCV  
  40  4:17  Barracks Tech Lab  
  40  4:18  Supply Depot  
  40  4:20  SCV  
  40  4:22  SCV  
  42  4:27  Marine  
  42  4:31  Stimpack  
  43  4:32  SCV  
  43  4:34  SCV  
  43  4:35  Marine  
  43  4:36  Siege Tank  
  49  4:39  Combat Shields  
  49  4:45  Marauder, SCV  
  50  4:50  Marine  
  47  4:53  Marine  
  47  4:54  SCV  
  47  4:58  SCV  
  50  5:06  Marine, SCV  
  52  5:11  Marauder, Barracks Reactor, Supply Depot, SCV  
  55  5:18  SCV  
  55  5:20  Refinery  
  56  5:24  Marauder, SCV  
  56  5:27  Refinery  
  59  5:33  Marauder, SCV  
  59  5:35  Supply Depot  
  62  5:36  SCV  
  62  5:41  Terran Infantry Weapons Level 1  
  63  5:45  SCV  
  63  5:46  Marauder, Engineering Bay  
  63  5:47  Marine  
  63  5:48  SCV  
  68  5:54  Marauder  
  68  5:56  Command Center  
  70  6:03  Marine, Supply Depot  
  65  6:05  SCV  
  65  6:07  Marauder, SCV  
  65  6:10  Marine  
  70  6:12  Terran Infantry Armor Level 1  
  70  6:15  Marine  
  70  6:17  SCV  
  72  6:19  SCV  
  73  6:27  Marine  
  73  6:28  Marine, Marauder  
  73  6:29  SCV  
  78  6:33  Marauder, Supply Depot  
  78  6:34  SCV  
  81  6:42  SCV  
  81  6:45  Concussive Shells  
  81  6:46  SCV  
  83  6:50  Marauder  
  83  6:54  SCV  
  86  6:55  Marauder  
  86  6:57  Supply Depot  
  88  7:07  Missile Turret  
  88  7:08  Siege Tank  
  91  7:09  SCV, Missile Turret  
  91  7:11  Marauder, SCV  
  91  7:13  SCV  
  96  7:16  Marauder  
  96  7:21  SCV  
  99  7:23  SCV  
  99  7:25  SCV  
  101  7:33  Marauder, SCV  
  101  7:35  SCV  
  101  7:36  Supply Depot  
  105  7:38  Marauder, SCV  
  105  7:40  Siege Tank  
  105  7:42  Command Center  
  111  7:46  SCV  
  111  7:49  SCV  
  111  7:50  SCV  
  114  7:54  Marauder  
  116  7:59  Marauder  
  116  8:01  Starport  
  118  8:06  Supply Depot  
  118  8:15  Marauder  
  118  8:18  Armory  
  120  8:21  Marauder, Orbital Command  
  120  8:26  Missile Turret  
  122  8:27  Siege Tank  
  122  8:28  Missile Turret  
  122  8:29  Supply Depot  
  125  8:35  Barracks  
  125  8:37  Marine, Marauder, Viking  
  130  8:47  Marauder  
  124  8:48  Marine  
  124  8:54  Marine  
  124  8:55  SCV, Supply Depot  
  117  8:56  SCV  
  117  8:57  Marine, SCV  
  117  8:59  SCV  
  121  9:06  Marine  
  121  9:07  SCV, Terran Infantry Weapons Level 2  
  121  9:08  SCV  
  121  9:09  Marauder, SCV, Starport Reactor  
  127  9:11  SCV  
  127  9:12  Marine  
  127  9:15  Marine  
  130  9:19  SCV  
  130  9:22  Marine  
  130  9:23  Planetary Fortress, Missile Turret  
  127  9:24  Marine  
  127  9:26  Missile Turret  
  127  9:28  Siege Tank  
  127  9:29  Marine  
  127  9:30  Marine  
  128  9:34  Marauder  
  122  9:40  Marine  
  122  9:42  Marine  
  122  9:45  Viking x2  
  123  9:48  Marauder, Marine  
  126  9:55  Marauder, Missile Turret  
  126  9:58  Marine  
  126  9:59  Refinery  
  120  10:00  Marine  
  120  10:01  Refinery, Siege Tank  
  120  10:06  Marine  
  119  10:09  Marauder  
  119  10:10  Factory  
  119  10:13  Refinery  
  116  10:15  Refinery, Viking, Command Center, Medivac, Marine  
  116  10:16  Marine  
  116  10:18  Marine  
  110  10:24  Marine  
  102  10:31  Marauder  
  102  10:33  Marine, SCV, Siege Tank  
  102  10:34  Marauder, Starport  
  100  10:35  Marine  
  100  10:42  Marine  
  91  10:45  Viking, Medivac  
  89  10:51  Marine, SCV  
  89  10:52  Marauder  
  89  10:53  Marine, SCV, Widow Mine  
  89  10:56  Marauder, Missile Turret  
  96  10:58  SCV x2  
  96  10:59  Marine  
  96  11:03  SCV  
  93  11:04  Widow Mine  
  93  11:05  SCV  
  93  11:09  Marine, Starport Tech Lab  
  93  11:10  SCV  
  91  11:11  Marine  
  91  11:13  Marauder  
  91  11:15  SCV x2, Viking  
  91  11:16  Marine  
  91  11:17  Marine, SCV  
  88  11:19  Viking  
  88  11:22  Factory Tech Lab  
  73  11:27  Marine, SCV x2  
  73  11:28  Viking  
  73  11:29  Marine, SCV  
  73  11:30  Command Center  
  64  11:33  Siege Tank  
  64  11:35  Marauder, Marine  
  54  11:40  Siege Tank  
  54  11:43  SCV  
  54  11:44  Marine  
  54  11:47  Marine  
  46  11:56  Marine  
  34  12:10  SCV  
  34  12:13  SCV  
  34  12:15  SCV  
  34  12:16  Command Center  
  28  12:25  SCV  
  28  12:27  SCV  
  26  12:45  SCV  
  26  13:05  SCV  
  24  13:14  Supply Depot  
Tags
 
Add a new tag
Caveats
  • Supply blocks, unpowered buildings, or Contaminate may cause inaccurate times.
  • Supply counts are checked every 10 seconds.